 Dungeon Crawl Stone Soup version 0.28.0-43-g3370ac3207 (webtiles) character file.

Game seed: 5393439954963197065

71506 Orthodox the Slayer (level 15, -12/225 (237) HPs)
             Began as a Hill Orc Berserker on Mar 7, 2022.
             Was a Priest of Trog.
             Killed from afar by a tengu reaver (41 damage)
             ... with a bolt of poison
             ... on level 13 of the Dungeon.
             The game lasted 01:16:41 (33427 turns).

Orthodox the Slayer (Hill Orc Berserker)           Turns: 33427, Time: 01:16:42

HP:   -12/225 (237) AC: 23    Str: 32    XL:     15   Next: 36%
MP:   0/24          EV: 11    Int:  9    God:    Trog [***...]
Gold: 912           SH:  0    Dex: 10    Spells: 14/14 levels left

rFire   + . .      SeeInvis +   E - +8 quarterstaff "Uneozo" {venom, MP+9 SInv}
rCold   + . .      Faith    .   (shield currently unavailable)
rNeg    . . .      Spirit   +   a - +1 plate armour {rC+}
rPois   .          Reflect  .   e - +2 hat
rElec   .          Harm     .   w - +0 cloak
rCorr   .          Rampage  .   s - +0 pair of gloves
Will    +....      NoCast   +   V - +2 pair of boots
Stlth   ..........              n - amulet of Ykeeh {Spirit -Cast Fly Slay+3 Stlth+}
HPRegen 0.47/turn               H - ring of Xihom Kank {rF+ Str+6}
MPRegen 0.19/turn               r - +4 ring of slaying

@: berserking (expiring), lethally poisoned (-12 -> -35), corroded, flying,
drained, very quick
A: no striking features
a: Renounce Religion, Berserk, Trog's Hand


You were on level 13 of the Dungeon.
You worshipped Trog.
Trog was most pleased with you.
You visited 2 branches of the dungeon, and saw 19 of its levels.

You collected 1667 gold pieces.
You spent 755 gold pieces at shops.

Inventory:

Hand Weapons
 f - a +0 hand axe of freezing
 k - a +7 demon trident
 E - the +8 quarterstaff "Uneozo" (weapon) {venom, MP+9 SInv}
   (You found it on level 7 of the Dungeon)

   It poisons the flesh of those it strikes.
   MP:        It affects your magic capacity (+9).
   SInv:      It lets you see invisible.
Missiles
 m - 7 javelins (quivered)
Armour
 a - a +1 plate armour of cold resistance (worn)
 e - a +2 hat (worn)
 j - the +4 skin of Zhor {*Englaciate rC+++ SInv}
   (You found it on level 2 of the Lair of Beasts)

   It radiates cold, occasionally slowing all nearby creatures who are not
   resistant to cold.
   rC:        It renders you almost immune to cold.
   SInv:      It lets you see invisible.
 s - a +0 pair of gloves (worn)
 w - a +0 cloak (worn)
 P - a +2 chain mail of poison resistance
 V - a +2 pair of boots (worn)
Jewellery
 g - a ring of poison resistance
 n - the amulet of Ykeeh (around neck) {Spirit -Cast Fly Slay+3 Stlth+}
   (You bought it in a shop on level 13 of the Dungeon)

   [amulet of guardian spirit]

   It causes incoming damage to be divided between your reserves of health and
   magic.
   Slay:      It affects your accuracy & damage with ranged weapons and melee
   (+3).
   Fly:       It grants you flight.
   -Cast:     It prevents spellcasting.
   Stlth:     It makes you more stealthy.
 r - a +4 ring of slaying (right hand)
 x - a ring of positive energy
 y - a ring of positive energy
 H - the ring of Xihom Kank (left hand) {rF+ Str+6}
   (You found it on level 8 of the Dungeon)

   [ring of strength]

   Str:       It affects your strength (+6).
   rF:        It protects you from fire.
 T - a ring of resist corrosion
 W - the ring of Kayps {*Slow rF+++ Str-5 Int+8 Dex+6}
   (You took it off a boggart on level 13 of the Dungeon)

   [ring of dexterity]

   Str:       It affects your strength (-5).
   Int:       It affects your intelligence (+8).
   Dex:       It affects your dexterity (+6).
   rF:        It renders you almost immune to fire.
   *Slow:     It may slow you when you take damage.
Wands
 b - a wand of acid (14)
 o - a wand of flame (53)
 t - a wand of paralysis (11)
 v - a wand of digging (17)
 I - a wand of mindburst (17)
 M - a wand of iceblast (10)
 O - a wand of charming (3)
Scrolls
 c - 2 scrolls of teleportation
 h - 2 scrolls of brand weapon
 p - 4 scrolls of fog
 q - 3 scrolls of immolation
 A - 2 scrolls of noise
 C - a scroll of identify {@r1}
 F - 2 scrolls of enchant weapon
 G - a scroll of magic mapping
 J - a scroll of fear {unknown}
 Q - 2 scrolls of enchant armour
 R - a scroll of acquirement {unknown}
Potions
 d - 2 potions of invisibility {unknown}
 i - 7 potions of curing {@q1}
 l - 4 potions of haste
 u - a potion of mutation {unknown}
 z - 2 potions of degeneration {unknown}
 B - 2 potions of lignification {unknown}
 D - 3 potions of attraction {unknown}
 K - 2 potions of ambrosia {unknown}
 L - 2 potions of flight {unknown}
 N - 2 potions of might {unknown}
 S - a potion of cancellation {unknown}
 U - a potion of resistance {unknown}


   Skills:
 - Level 21.0 Fighting
 - Level 13.1(13.5) Axes
 - Level 4.2(8.3) Polearms
 + Level 16.6 Armour
 - Level 7.3 Dodging


You had 14 spell levels left.
You didn't know any spells.
Your spell library was empty.

Dungeon Overview and Level Annotations

Branches:
Dungeon (13/15)            Temple (0/1) D:4            Lair (6/6) D:11
 Shoals (0/4) Lair:4        Snake (0/4) Lair:3        Slime (0/5) Lair:6
    Orc (0/2) D:11
 Vaults: D:13-14

Altars:
Gozag
The Shining One

Shops:
D:4 *   D:13 =

Annotations:
Lair:1 1 runed translucent door, zeram's ghost, journeyman GrFi


Message History

You now have 135/225 hp.
You sock the tengu reaver!
The tengu reaver is lightly wounded.
The tengu reaver hits you with a +0 great mace!!
The tengu reaver barely misses you.
The tengu reaver claws you but does no damage.
You take 23 damage, and have 112/225 hp.
You now have 11/24 mp.
You sock the tengu reaver!
The tengu reaver is poisoned.
The tengu reaver is moderately wounded.
The tengu reaver gestures at you while chanting.
The bolt of lightning hits you!!!
You take 42 damage, and have 70/225 hp.
You now have 7/24 mp.
You thump the tengu reaver!
The tengu reaver is heavily wounded.
The tengu reaver hits you with a +0 great mace.
* * * LOW HITPOINT WARNING * * *
The tengu reaver pecks you.
* * * LOW HITPOINT WARNING * * *
The tengu reaver claws you but does no damage.
You take 9 damage, and have 61/225 hp.
You miss the tengu reaver.
The tengu reaver is heavily wounded.
You closely miss the tengu reaver.
The tengu reaver is heavily wounded.
The tengu reaver gestures at you while chanting.
The bolt of acid hits you!!!
* * * LOW HITPOINT WARNING * * *
You take 34 damage, and have 28/225 hp.
You now have 3/24 mp.
You hit the tengu reaver.
The tengu reaver is heavily wounded.
The tengu reaver closely misses you.
The tengu reaver pecks you but does no damage.
The tengu reaver claws you but does no damage.
You closely miss the tengu reaver.
The tengu reaver is heavily wounded.
The tengu reaver casts a spell at you. The bolt of poison hits you!!!
You are poisoned.
You die...

).#..e #.)'..#≈.......>.# ..#WH#
#.(#[.#≈.......†.# ..#.°#
#..#..#≈..######## ..#C○#
#..#Q.#≈..#
..#RQ##########Q.#..#≈..#
..#..............#..#≈..#
..#$.............#..#≈..#
..################..#≈..#
..).............@Q..#≈..#
........=...........#≈..#
#####################≈..#
≈≈≈≈≈≈≈≈≈≈≈≈≈≈≈≈≈≈≈≈≈≈..#
........................########
...........#########.......)...#
'######....# #...........#
......#....# #...........#
......'....# #...........#


You could see a tengu reaver (very poisoned).

Vanquished Creatures
  Frances (D:13)
  A tengu reaver (D:13)
  An ettin (D:11)
  3 boulder beetles
  3 hydras
  A death knight (D:12)
  4 centaur warriors (D:13)
  2 catoblepae (Lair:5)
  3 two-headed ogres
  17 death yaks
  A deep troll earth mage (D:12)
  A satyr (shapeshifter) (D:13)
  4 tengu warriors
  A deep troll shaman (Lair:6)
  Urug (Lair:3)
  A skeletal warrior (D:12)
  A deep elf archer (D:13)
  A lindwurm (Lair:6)
  A deep elf pyromancer (D:13)
  3 ugly things (D:13)
  5 cyclopes
  18 elephants
  6 manticores
  A black mamba (Lair:3)
  A merfolk siren (Lair:4)
  9 cane toads
  3 unseen horrors
  2 torpor snails
  3 gargoyles
  7 komodo dragons
  Maggie (D:10)
  5 rime drakes
  A freezing wraith (D:12)
  An efreet (D:13)
  2 kobold demonologists
  2 tengu conjurers (D:13)
  3 trolls
  2 polar bears
  4 slime creatures
  Prince Ribbit (D:9)
  A blink frog (Lair:6)
  2 shadows
  58 yaks
  A wyvern (Lair:3)
  A vampire (D:13)
  A fire elemental (Lair:2)
  3 wraiths
  Grum (D:8)
  2 basilisks
  5 vampire mosquitoes
  Menkaure (D:4)
  5 nagas (Lair:3)
  10 water moccasins
  5 orc warriors
  2 black bears
  An ice beast (D:6)
  A black bear (shapeshifter) (D:12)
  A boggart (D:13)
  23 wolves
  3 ogres
  A phantom (D:6)
  8 centaurs
  2 kobold brigands (D:9)
  8 bullfrogs
  A gnoll sergeant (D:8)
  2 scorpions
  A water moccasin skeleton (D:5)
  3 wights
  6 killer bees (D:8)
  7 centaur zombies
  A lava snake (Lair:2)
  A bullfrog zombie (D:6)
  2 jellies (D:7)
  3 hounds
  2 gnoll shamans
  7 orc priests
  Crazy Yiuf (D:4)
  Jessica (D:2)
  A bullfrog skeleton (D:6)
  2 centaur skeletons
  4 iguanas
  9 orc wizards
  A hound skeleton (D:4)
  2 howler monkey zombies
  15 gnolls
  6 adders
  A shadow imp (D:8)
  A white imp (D:6)
  2 adder skeletons
  4 worms
  A dart slug (D:1)
  28 orcs
  4 endoplasms
  6 giant cockroaches
  10 goblins
  7 hobgoblins
  5 jackals
  15 kobolds
  A quokka (D:2)
  8 ball pythons
  5 bats
  4 frilled lizards
  4 rats
458 creatures vanquished.

Vanquished Creatures (others)
  A deep elf pyromancer (D:12)
  10 fungi
  24 plants
  2 withered plants (Lair:1)
37 creatures vanquished.

Grand Total: 495 creatures vanquished

Notes
Turn   | Place    | Note
-------+----------+-------------------------------------------
     0 | D:1      | Orthodox the Hill Orc Berserker began the quest for the
                  | Orb.
     0 | D:1      | Reached XP level 1. HP: 19/19 MP: 1/1
   426 | D:1      | Reached XP level 2. HP: 16/27 MP: 2/2
   566 | D:1      | Found a faded altar of an unknown god.
   672 | D:1      | You fall into a shaft and drop 1 floor!
   767 | D:2      | Reached skill level 4 in Fighting
   799 | D:2      | Reached XP level 3. HP: 16/33 MP: 3/3
   997 | D:2      | Identified the +1 falchion of Urgency {vorpal, rC+ rCorr
                  | Dex+2}
  1421 | D:2      | Reached ** piety under Trog
  1765 | D:1      | Reached XP level 4. HP: 41/41 MP: 4/4
  1809 | D:1      | Reached skill level 5 in Axes
  1914 | D:2      | Noticed Jessica
  1921 | D:2      | Killed Jessica
  3048 | D:3      | Reached skill level 5 in Fighting
  3618 | D:4      | Reached XP level 5. HP: 48/48 MP: 5/5
  3680 | D:4      | Found a staircase to the Ecumenical Temple.
  3691 | D:4      | Noticed Menkaure
  3705 | D:4      | Killed Menkaure
  3706 | D:4      | Reached skill level 6 in Fighting
  3706 | D:4      | Reached XP level 6. HP: 57/57 MP: 6/6
  3763 | D:4      | Reached *** piety under Trog
  4771 | D:4      | Found Nuppidaa's Serpentskin Sales.
  4852 | D:4      | Found a runed translucent door.
  4853 | D:4      | Noticed Crazy Yiuf
  4933 | D:4      | Killed Crazy Yiuf
  5000 | D:5      | Entered Level 5 of the Dungeon
  5071 | D:5      | Reached XP level 7. HP: 64/64 MP: 7/7
  5101 | D:5      | Reached skill level 7 in Fighting
  5403 | D:5      | Reached skill level 8 in Fighting
  5422 | D:5      | Reached XP level 8. HP: 41/74 MP: 8/8
  5497 | D:4      | HP: 3/75 [gnoll/+0 flail (10)]
  6581 | D:6      | Reached skill level 9 in Fighting
  6969 | D:6      | Reached skill level 10 in Axes
  7073 | D:6      | Found a glowing drain.
  7562 | D:7      | Found an opulent altar of Gozag.
  7799 | D:7      | Reached XP level 9. HP: 81/85 MP: 9/9
  7807 | D:7      | Reached skill level 10 in Fighting
  8022 | D:7      | Identified the +8 quarterstaff "Uneozo" {venom, MP+9 SInv}
  8211 | D:7      | Reached **** piety under Trog
  9028 | D:8      | Noticed Grum
  9034 | D:8      | Killed Grum
  9186 | D:8      | Reached skill level 11 in Fighting
  9273 | D:8      | Identified the ring of Xihom Kank {rF+ Str+6}
 10547 | D:9      | Reached skill level 12 in Fighting
 10547 | D:9      | Reached XP level 10. HP: 53/97 MP: 10/10
 10847 | D:9      | Noticed Prince Ribbit
 10851 | D:9      | Killed Prince Ribbit
 11626 | D:9      | Noticed a kobold demonologist
 11630 | D:9      | Noticed a rust devil
 11763 | D:9      | Noticed a sun demon
 11765 | D:9      | Killed a kobold demonologist
 11766 | D:9      | Reached skill level 5 in Armour
 12003 | D:10     | Entered Level 10 of the Dungeon
 12055 | D:10     | Noticed Maggie
 12234 | D:10     | Noticed an unseen horror
 12258 | D:10     | Reached skill level 5 in Dodging
 12362 | D:10     | Killed an unseen horror
 12363 | D:10     | Reached XP level 11. HP: 93/104 MP: 11/11
 12865 | D:10     | Killed Maggie
 13032 | D:4      | Bought a +2 chain mail of poison resistance for 185 gold
                  | pieces
 13427 | D:11     | Found a staircase to the Orcish Mines.
 13450 | D:10     | Reached ***** piety under Trog
 13743 | D:11     | Found a staircase to the Lair.
 13748 | D:11     | Noticed a cyclops
 13828 | D:11     | Killed a cyclops
 14258 | D:11     | Found a glowing golden altar of the Shining One.
 15083 | D:12     | Noticed a death knight
 15083 | D:12     | Noticed a skeletal warrior
 15102 | Lair:1   | Entered Level 1 of the Lair of Beasts
 15164 | Lair:1   | Reached skill level 10 in Armour
 15510 | Lair:1   | Noticed a four-headed hydra
 15535 | Lair:1   | Killed a four-headed hydra
 15666 | Lair:1   | Reached XP level 12. HP: 107/112 MP: 12/12
 15752 | Lair:1   | Found a runed translucent door.
 15753 | Lair:1   | Noticed zeram's ghost (journeyman GrFi)
 16897 | Lair:2   | Reached skill level 1 in Polearms
 17399 | Lair:2   | Found the +4 skin of Zhor {*Englaciate rC+++ SInv}
 18561 | Lair:3   | Reached skill level 13 in Fighting
 18597 | Lair:3   | Noticed Urug
 18691 | Lair:3   | Killed Urug
 19440 | Lair:3   | Reached skill level 14 in Fighting
 19529 | Lair:3   | Found a staircase to the Snake Pit.
 20313 | Lair:4   | Reached skill level 15 in Fighting
 20418 | Lair:4   | Reached XP level 13. HP: 127/127 MP: 13/13
 20639 | Lair:4   | Received a gift from Trog
 20828 | Lair:4   | Reached skill level 16 in Fighting
 21057 | Lair:4   | Reached skill level 17 in Fighting
 21950 | Lair:4   | Found a staircase to the Shoals.
 22739 | Lair:5   | Reached skill level 18 in Fighting
 23695 | Lair:6   | Entered Level 6 of the Lair of Beasts
 24385 | Lair:6   | Reached skill level 19 in Fighting
 25170 | Lair:5   | Reached XP level 14. HP: 140/146 MP: 14/14
 25358 | Lair:5   | Reached skill level 20 in Fighting
 25838 | Lair:6   | Found a staircase to the Slime Pits.
 26830 | Lair:6   | Reached skill level 21 in Fighting
 27222 | Lair:6   | Identified the +5 dagger "Fitaiwk" {vamp, Contam *Noise
                  | Will+++ Stlth+}
 28916 | Lair:1   | Identified the +1 leather armour of Apathy {Harm}
 30667 | D:13     | Found Dutay's Jewellery Emporium.
 30679 | D:13     | Bought the amulet of Ykeeh {Spirit -Cast Fly Slay+3 Stlth+}
                  | for 570 gold pieces
 31520 | D:13     | Reached XP level 15. HP: 158/158 MP: 15/15
 31529 | D:13     | Reached skill level 15 in Armour
 31590 | D:13     | Noticed Frances
 31601 | D:13     | Killed Frances
 32959 | D:13     | Identified the ring of Kayps {*Slow rF+++ Str-5 Int+8
                  | Dex+6}
 33098 | D:13     | Noticed a tengu reaver
 33109 | D:13     | Killed a tengu reaver
 33406 | D:13     | Noticed a tengu reaver
 33427 | D:13     | Killed from afar by a tengu reaver

Illustrated notes

Levels and vault maps discovered:
D:1:      dpeg_arrival_more_subterranean_lakeside_camping, layout_basic,
          ebering_ecumenical_altar_sacrificial, minivault_25
D:2:      layout_basic, kennysheep_jessica_study
D:3:      layout_loops_ring, serial_co_window_serial, co_window_paths_a,
          co_window_of_opportunity_a, co_window_paths_b, co_window_corner_a,
          co_window_of_opportunity_a, co_window_corner_a, co_window_paths_a,
          co_window_paths_b, co_window_of_opportunity_a, co_window_2corner,
          co_window_unsneaky_path_b, co_window_cross_4, co_window_4corner_a,
          co_window_sun, glass_columns_a
D:4:      layout_loops_corners, minmay_temple_entry_mist, minivault_14,
          guppyfry_shop_venom, uniq_menkaure, uniq_crazy_yiuf_cottage
D:5:      layout_loops_ring, lightli_ossuary_entry_decrepit_ruins
D:6:      layout_layer_cave, serial_rivers, chequers_serial_rivers_micro_a,
          chequers_serial_rivers_small_b, chequers_serial_rivers_small_3,
          chequers_serial_rivers_room_b, chequers_serial_rivers_micro_b,
          chequers_serial_rivers_small_b, cheibrodos_sewer_entry_drain
D:7:      layout_layer_cave, mainiacjoe_overflow_brackets
D:8:      layout_loops_corners, kennysheep_generic_room_13, uniq_grum
D:9:      layout_gridville, uniq_prince_ribbit1
D:10:     layout_basic, uniq_maggie
D:11:     layout_gridville, lair_entry_dummy, orc_0_dummy,
          nicolae_tso_carved_into_rock
D:12:     minmay_diamond_stairs, layout_cave_pools, minmay_misc_feat_rows
D:13:     lemuel_traditional_vault, layout_irregular_city, serial_shops,
          nicolae_shop_window_shopping, uniq_frances
Lair:1:   layout_cave_pods, gammafunk_ghost_grave
Lair:2:   layout_gridlike, hellmonk_guarded_unrand_zhor, grunt_megastairs_5
Lair:3:   layout_long_grid, minmay_snake_entry_guardpost_large, uniq_urug
Lair:4:   layout_hall_layers, minmay_shoals_entry_lonely_mermaid
Lair:5:   layout_loops_ring, nicolae_quartered_pool_little, lemuel_fruit_tree
Lair:6:   grunt_lair_end_beastmaster, layout_hall_layers,
          dpeg_slime_entry_corner, grunt_forest_small_clearings, pond

Skill      XL: |  1  2  3  4  5  6  7  8  9 10 11 12 13 14 15 |
---------------+----------------------------------------------+-----
Fighting       | 4 5 6 8 9 12 15 19 21 | 21.0
Axes           | 5 6 7 8 10 13 | 13.1
Armour         | 7 11 12 14 16 | 16.6
Dodging        | 5 7 |  7.3
Polearms       | 4 |  4.2

Action                   |  1- 3 |  4- 6 |  7- 9 | 10-12 | 13-15 || total
-------------------------+-------+-------+-------+-------+-------++-------
Melee: Hand axe          |   129 |   121 |   222 |       |       ||   472
       Punch             |       |     2 |     5 |       |       ||     7
       Quarterstaff      |       |       |    72 |   437 |   716 ||  1225
Invok: Berserk           |       |     3 |     7 |     9 |    17 ||    36
       Trog's Hand       |       |       |       |       |     2 ||     2
Evoke: Wand              |       |       |       |     1 |     5 ||     6
  Use: Scroll            |       |     3 |     3 |     2 |    11 ||    19
       Potion            |       |       |     4 |       |     2 ||     6
 Stab: Distracted        |       |       |       |       |     1 ||     1
Armor: Scale mail        |    44 |    36 |   165 |    71 |       ||   316
       Animal skin       |     3 |       |       |       |       ||     3
       Chain mail        |       |       |       |   237 |   356 ||   593
       Plate armour      |       |       |       |       |   242 ||   242
Dodge: Dodged            |    60 |    58 |   131 |   311 |   445 ||  1005
